[Event "*** Titled Tuesday 3|2 Blitz"]
[Site "Chess.com"]
[Date "2017.06.06"]
[Round "3"]
[White "the_drake"]
[Black "TamNguyen2"]
[Result "1-0"]
[WhiteElo "2140"]
[BlackElo "2103"]
[TimeControl "180+2"]
[EndTime "14:22:26 PDT"]
[Termination "the_drake won by resignation"]

1. e4 Nf6 2. e5 Nd5 3. c4 Nb6 4.
d4 d6 5. exd6 exd6 6. Nc3 Be7 7. Be3 O-O 8. h3 Bg5 9. Nf3 Re8 10. Nxg5 Qxg5 11. Be2 Qxg2 12. Bf3 Qg6 13. b3 Nc6 14. Qd2 Nb4 15. O-O-O a5 16. Kb2 a4 17. c5 axb3 18. cxb6 bxa2 19. Rhg1 Nd3+ 20. Qxd3 a1=Q+ 21. Rxa1 Qxd3 22. Rxa8 Kf8 23. bxc7 b5 24. Be2 Qe4 25. Nxe4 1-0

[Event "*** Titled Tuesday 3|2 Blitz"]
[Site "Chess.com"]
[Date "2017.06.06"]
[Round "3"]
[White "Ar4uha"]
[Black "Elshan1985"]
[Result "0-1"]
[WhiteElo "2409"]
[BlackElo "2551"]
[TimeControl "180+2"]
[EndTime "14:22:31 PDT"]
[Termination "Elshan1985 won by resignation"]

1. e4 c5 2. Nf3 e6 3. c3 d5 4. exd5 exd5 5. d4 Nf6 6. Bb5+ Nc6 7. O-O Be7 8. dxc5 Bxc5 9. Re1+ Be6 10. Nd4 O-O 11.
Be3 Bg4 12. f3 Bh5 13. Bxc6 bxc6 14. Nd2 Qd7 15. N2b3 Bd6 16. Nc2 Rfe8 17. Qd2 Bg6 18. Bc5 Bc7 19. Ncd4 Nh5 20. Rxe8+ Rxe8 21. Re1 Rxe1+ 22.
Qxe1 a5 23. Nd2 Nf4 24. Ba3 Nd3 25. Qe3 Bf4 26. Qe2 c5 27. N4b3 c4 28. Nc5 Qc8 29. Nxd3 cxd3 30. Qf2 d4 31. c4 Be3 0-1

[Event "*** Titled Tuesday 3|2 Blitz"]
[Site "Chess.com"]
[Date "2017.06.06"]
[Round "3"]
[White "Makalexa"]
[Black "fpawn"]
[Result "1-0"]
[WhiteElo "2188"]
[BlackElo "2296"]
[TimeControl "180+2"]
[EndTime "14:22:49 PDT"]
[Termination "Makalexa won by resignation"]

1. e4 c5 2. Nf3 Nc6 3. d4 cxd4 4.
Nxd4 g6 5. c4 Bg7 6. Nc2 Nf6 7.
Nc3 d6 8. Be2 O-O 9. O-O Nd7 10.
Bd2 Nc5 11. b4 Ne6 12. b5 Ncd4 13. Rc1 a6 14. bxa6 bxa6 15. f4 Nxe2+ 16. Qxe2 Nd4 17. Nxd4 Bxd4+ 18. Kh1 Be6 19. f5 Bd7 20. Bh6 Bg7 21. Bxg7 Kxg7 22. Nd5 f6 23. c5 Bc6 24. cxd6 Qxd6 25.
Nf4 Rfc8 26. Ne6+ Kf7 27. Qg4 Qe5 28. Rc5 Qxe4 29. fxg6+ hxg6 30. Ng5+ 1-0

[Event "*** Titled Tuesday 3|2 Blitz"]
[Site "Chess.com"]
[Date "2017.06.06"]
[Round "3"]
[White "olgerts_indricans"]
[Black "belisarius64"]
[Result "0-1"]
[WhiteElo "2307"]
[BlackElo "2244"]
[TimeControl "180+2"]
[EndTime "14:22:52 PDT"]
[Termination "belisarius64 won by checkmate"]

1. e4 e5 2. Nf3 Nc6 3. Bc4 Bc5 4.
d3 Nf6 5. a4 O-O 6. O-O d6 7.
h3 a6 8. c3 Ba7 9. Nbd2 Be6 10. Re1 Re8 11. b4 d5 12. exd5 Nxd5 13. Qb3 Nf4 14.
Bxe6 Rxe6 15. d4 exd4 16. Rxe6 Nxe6 17. Bb2 dxc3 18. Qxc3 Ncd4 19. Kf1 Qf6 20. Qd3 Rd8 21. Qe4 Nxf3 22. Nxf3 Qxb2 23. Rb1 Qxf2# 0-1

[Event "*** Titled Tuesday 3|2 Blitz"]
[Site "Chess.com"]
[Date "2017.06.06"]
[Round "3"]
[White "FearlessKing64"]
[Black "lucasmito"]
[Result "1-0"]
[WhiteElo "2146"]
[BlackElo "2057"]
[TimeControl "180+2"]
[EndTime "14:23:09 PDT"]
[Termination "FearlessKing64 won by resignation"]

1. e4 e5 2. Nf3 Nc6 3. Bc4 Nf6 4.
d4 exd4 5. e5 d5 6. Bb5 Ne4 7.
Nxd4 Bd7 8. Bxc6 bxc6 9. Be3 Bc5 10. Nd2 Nxd2 11. Qxd2 Bb6 12. O-O O-O 13. Bg5 Qe8 14. Bf6 gxf6 15. exf6 Qe4 16. Rae1 Qg6 17. Re3 Qxf6 18. Rg3+ Kh8 19. Nf3 Rae8 20. c3 Rg8 21.
Ng5 Re5 22. h4 Re7 23. Re1 Qxf2+ 24. Qxf2 Rxe1+ 25. Kh2 Rxg5 26. Qf6+ 1-0

[Event "*** Titled Tuesday 3|2 Blitz"]
[Site "Chess.com"]
[Date "2017.06.06"]
[Round "3"]
[White "ProfCalculus"]
[Black "metalbattler"]
[Result "0-1"]
[WhiteElo "2155"]
[BlackElo "2038"]
[TimeControl "180+2"]
[EndTime "14:23:19 PDT"]
[Termination "metalbattler won by resignation"]

1. d4 d5 2. c4 c6 3. Nc3 Nf6 4.
e3 e6 5. Nf3 Nbd7 6. Qc2 Bd6 7.
g4 Nxg4 8. Rg1 Nh6 9. Rxg7 Qf6 10. Rxh7 Rxh7 11. Qxh7 Nf8 12. Qc2 Qxf3 13. Bd2 Nf5 14. Rc1 Ng6 15. Bd3 Ngh4 16. Bxf5 Nxf5 17. cxd5 exd5 18.
Qd3 Be6 19. Na4 Nh4 20. b4 Qh1+ 0-1

[Event "*** Titled Tuesday 3|2 Blitz"]
[Site "Chess.com"]
[Date "2017.06.06"]
[Round "3"]
[White "Federtiu"]
[Black "RD4ever"]
[Result "1-0"]
[WhiteElo "2426"]
[BlackElo "2590"]
[TimeControl "180+2"]
[EndTime "14:23:36 PDT"]
[Termination "Federtiu won by resignation"]

1. c4 e5 2. Nc3 Bb4 3. Qc2 Nf6 4. Nf3 Qe7 5. e3 c6 6. a3 Ba5 7. b4 Bc7 8. d4 d6 9. Bb2 O-O 10.
dxe5 dxe5 11. Bd3 h6 12. O-O Bg4 13. Nd2 Nbd7 14. c5 Rae8 15. f3 Be6 16. Rad1 Nd5 17. Nc4 f5 18. e4 fxe4 19. Nxe4 Nf4 20. Ned6 Rb8 21. Rde1 Qg5 22. Nxe5 Bh3 23. Bh7+ Kh8 24.
Nef7+ 1-0

[Event "*** Titled Tuesday 3|2 Blitz"]
[Site "Chess.com"]
[Date "2017.06.06"]
[Round "3"]
[White "yosephtaher"]
[Black "stefanodinn"]
[Result "1-0"]
[WhiteElo "2555"]
[BlackElo "2270"]
[TimeControl "180+2"]
[EndTime "14:23:36 PDT"]
[Termination "yosephtaher won by resignation"]

1. d4 d5 2. c4 c6 3. Nc3 Nf6 4.
Nf3 a6 5. c5 Bf5 6. Qb3 Qc8 7.
Bf4 Nbd7 8. e3 e6 9. h3 Be7 10. Nh4 Be4 11. Nxe4 Nxe4 12. Nf3 O-O 13. Bd3 f5 14.
Ne5 Nxe5 15. Bxe5 Bh4 16. Rf1 Qd7 17. Qc2 Bf6 18. Bh2 Bd8 19. O-O-O b6 20. f3 Nf6 21. g4 bxc5 22. dxc5 g6 23. Rg1 Kf7 24. e4 fxe4 25. fxe4 Bc7 26. e5 Ne8 27. h4 Ng7 28. h5 1-0

[Event "*** Titled Tuesday 3|2 Blitz"]
[Site "Chess.com"]
[Date "2017.06.06"]
[Round "3"]
[White "Patov"]
[Black "cstefan"]
[Result "0-1"]
[WhiteElo "2313"]
[BlackElo "2178"]
[TimeControl "180+2"]
[EndTime "14:23:42 PDT"]
[Termination "cstefan won by resignation"]

1. e4 d5 2. exd5 Qxd5 3. d4 Nc6 4. Nf3 Bg4 5. Be2 O-O-O 6. c4 Qf5 7. Be3 Bxf3 8. Bxf3 Nxd4 9. Bxd4 Qe6+ 10. Be2 Qe4 11.
Nc3 Qxd4 12. Qb3 Qd2+ 13. Kf1 e6 14. Rd1 Qg5 15. Qa4 a6 16. h4 Rxd1+ 17. Bxd1 Qd8 18. Bf3 Nf6 19. g3 Qd4 20. Kg2 Bc5 21. Re1 Qxf2+ 0-1

[Event "*** Titled Tuesday 3|2 Blitz"]
[Site "Chess.com"]
[Date "2017.06.06"]
[Round "3"]
[White "Jadeit90"]
[Black "AndrewDGreen"]
[Result "1-0"]
[WhiteElo "2163"]
[BlackElo "2181"]
[TimeControl "180+2"]
[EndTime "14:23:49 PDT"]
[Termination "Jadeit90 won by resignation"]

1. g3 g6 2. Bg2 Bg7 3. Nf3 c5 4.
O-O Nc6 5. c4 d6 6. Nc3 Bf5 7.
d3 Qd7 8. e4 Bg4 9. Be3 e6 10.
Qd2 Nge7 11. Nh4 e5 12. f3 Bh3 13. f4 Bxg2 14. Kxg2 f6 15. Nd5 Nxd5 16. cxd5 Ne7 17.
f5 g5 18. Nf3 h5 19. Nxg5 fxg5 20. f6 Bxf6 21. Rxf6 h4 22. Bxg5 hxg3 23. h4 O-O-O 24.
Re6 Rde8 25. Kxg3 Kb8 26. Rf1 Rhf8 27. Rxf8 Rxf8 28. Rxe7 Qa4 29. Re6 Qxa2 30. Rxd6 Qb1 31. Rf6 Qg1+ 32. Qg2 Qe1+ 33. Qf2 1-0

[Event "*** Titled Tuesday 3|2 Blitz"]
[Site "Chess.com"]
[Date "2017.06.06"]
[Round "3"]
[White "yurisolo"]
[Black "axvesik"]
[Result "1-0"]
[WhiteElo "2465"]
[BlackElo "2394"]
[TimeControl "180+2"]
[EndTime "14:23:54 PDT"]
[Termination "yurisolo won by resignation"]

1. e4 e6 2. d4 d5 3. Nc3 Bb4 4. Ne2 Nc6 5. a3 Ba5 6. b4 Bb6 7. Bb2 Nge7 8. g3 e5 9. dxe5 Nxe5 10.
Nf4 Ng4 11. Nd3 O-O 12. Be2 Nf6 13. Nxd5 Nexd5 14. exd5 Nxd5 15. c4 Ne3 16. fxe3 Bxe3 17. Nf4 Qg5 18. Nd5 Re8 19. Nxc7 Rd8 20. Nd5 Be6 21. Bc1 Bxd5 22. Bxe3 Qxe3 23. cxd5 Re8 24. Kf1 Qe4 25. Bf3 1-0

[Event "*** Titled Tuesday 3|2 Blitz"]
[Site "Chess.com"]
[Date "2017.06.06"]
[Round "3"]
[White "ehrenfeld"]
[Black "jcibarra"]
[Result "0-1"]
[WhiteElo "2400"]
[BlackElo "2646"]
[TimeControl "180+2"]
[EndTime "14:23:59 PDT"]
[Termination "jcibarra won on time"]

1. e4 c5 2. Nf3 Nf6 3. e5 Nd5 4.
g3 Nc6 5. Bg2 d6 6. exd6 Qxd6 7.
O-O e5 8. Na3 Be7 9. Nc4 Qe6 10.
Re1 f6 11. d3 Qf7 12. c3 O-O 13. d4 exd4 14. cxd4 Bg4 15. h3 Bh5 16. dxc5 Rad8 17.
Qb3 Bxc5 18. g4 Bg6 19. Bd2 Ndb4 20. Bxb4 Nxb4 21. Rad1 Rxd1 22. Rxd1 Bc2 0-1

[Event "*** Titled Tuesday 3|2 Blitz"]
[Site "Chess.com"]
[Date "2017.06.06"]
[Round "3"]
[White "GrigorGrigorov"]
[Black "Divertissement"]
[Result "1-0"]
[WhiteElo "2629"]
[BlackElo "2396"]
[TimeControl "180+2"]
[EndTime "14:24:07 PDT"]
[Termination "GrigorGrigorov won on time"]

1. d4 d5 2. c4 e6 3. Nc3 a6 4.
cxd5 exd5 5. Nf3 c6 6. Bf4 Bd6 7. Bxd6 Qxd6 8. e4 dxe4 9. Nxe4 Qe7 10. Qe2 Be6 11. Nc5 Nf6 12. Ng5 Bc8 13. Qxe7+ Kxe7 14. O-O-O h6 15. Re1+ Kf8 16. Nge4 Nxe4 17. Nxe4 Be6 18.
Nc5 Bc8 19. Bc4 Nd7 20. Re3 Nf6 21. Rhe1 b6 22. Re7 1-0

[Event "*** Titled Tuesday 3|2 Blitz"]
[Site "Chess.com"]
[Date "2017.06.06"]
[Round "3"]
[White "anon102030"]
[Black "Ivan11Martic"]
[Result "1/2-1/2"]
[WhiteElo "2586"]
[BlackElo "2403"]
[TimeControl "180+2"]
[EndTime "14:24:17 PDT"]
[Termination "Game drawn by agreement"]

1. e4 c5 2. Nc3 Nc6 3. g3 g6 4. Bg2 Bg7 5. d3 d6 6. Be3 e5 7. f4 Nge7 8. Nf3 Nd4 9. Qd2 Bg4 10. O-O Qd7 11. Rf2 O-O 12. Raf1 f6 13. Nh4 Bh6 14. Nd1 Rae8 15. fxe5 Bxe3 16. Nxe3 fxe5 17.
c3 Ndc6 18. Nd5 Nxd5 19. exd5 Nd8 20. Be4 Bh3 21. Rxf8+ Rxf8 22. Rxf8+ Kxf8 23. Qh6+ Kg8 24. Qg5 Nf7 25. Qf6 1/2-1/2

[Event "*** Titled Tuesday 3|2 Blitz"]
[Site "Chess.com"]
[Date "2017.06.06"]
[Round "3"]
[White "Rock700chess"]
[Black "pedromartinez91"]
[Result "1-0"]
[WhiteElo "2304"]
[BlackElo "2323"]
[TimeControl "180+2"]
[EndTime "14:24:17 PDT"]
[Termination "Rock700chess won on time"]

1. e4 e6 2. d4 c5 3. d5 exd5 4. exd5 d6 5. Nf3 Nf6 6. c4 g6 7. h3 Bg7 8. Bd3 O-O 9. O-O Na6 10. Nc3 Nc7 11. a4 a6 12. Re1 Rb8 13. Bg5 h6 14. Bh4 g5 15. Bg3 Nh5 16. Qc2 Nxg3 17. fxg3 g4 18. hxg4 Bxg4 19. Nh4 Qg5 20. Ne4 Bd4+ 21.
Kh2 Qg7 22. Nxd6 Be5 23. Ndf5 Qf6 24. Rxe5 Qxe5 25. Nxh6+ 1-0

[Event "*** Titled Tuesday 3|2 Blitz"]
[Site "Chess.com"]
[Date "2017.06.06"]
[Round "3"]
[White "Ind1anStar"]
[Black "MITerryble"]
[Result "0-1"]
[WhiteElo "2284"]
[BlackElo "2662"]
[TimeControl "180+2"]
[EndTime "14:24:21 PDT"]
[Termination "MITerryble won on time"]

1. e4 e6 2. d4 d5 3. Nd2 Be7 4.
Ngf3 Nf6 5. Bd3 c5 6. c3 cxd4 7. Nxd4 Nc6 8. Nxc6 bxc6 9. O-O O-O 10. Qe2 a5 11. e5 Nd7 12. f4 Ba6 13. Bxa6 Qb6+ 14. Kh1 Qxa6 15. Qe1 Nc5 16. Nf3 Rfb8 17. Rb1 Qd3 18.
Bd2 Ne4 19. b3 Bc5 20. Rd1 Qc2 21. Ra1 Ba7 22. Be3 c5 23. Bd2 a4 0-1

[Event "*** Titled Tuesday 3|2 Blitz"]
[Site "Chess.com"]
[Date "2017.06.06"]
[Round "3"]
[White "catalin009"]
[Black "Saitama_Hero"]
[Result "0-1"]
[WhiteElo "2297"]
[BlackElo "2229"]
[TimeControl "180+2"]
[EndTime "14:24:28 PDT"]
[Termination "Saitama_Hero won by resignation"]

1. c4 Nf6 2. d4 e6 3. Nc3 d5 4. Nf3 c6 5. Bg5 Nbd7 6. e3 Qa5 7.
Nd2 Bb4 8. Qb3 O-O 9. a3 Be7 10. Bh4 e5 11. dxe5 Nxe5 12. cxd5 Nxd5 13. Bxe7 Nxe7 14.
Be2 Be6 15. Qc2 Nd5 16. Nxd5 Bxd5 17. O-O Rad8 18. Rfd1 Qc7 19. Ne4 Rfe8 20. Nc3 Be6 21. Qa4 b5 22. Qf4 f6 23. Rac1 Bb3 24. Rxd8 Rxd8 25.
Nxb5 Qb6 26. Nd4 c5 27. Nf5 Be6 28. Ng3 Qxb2 29. Rxc5 Qxe2 30. h4 Qe1+ 31. Kh2 Ng4+ 0-1

[Event "*** Titled Tuesday 3|2 Blitz"]
[Site "Chess.com"]
[Date "2017.06.06"]
[Round "3"]
[White "IIIlllII1llIl"]
[Black "AkshatChandra"]
[Result "0-1"]
[WhiteElo "2506"]
[BlackElo "2743"]
[TimeControl "180+2"]
[EndTime "14:24:53 PDT"]
[Termination "AkshatChandra won by resignation"]

1. e4 e5 2. Nf3 Nc6 3. Bc4 Bc5 4. c3 Nf6 5. d4 exd4 6. e5 d5 7. Be2 Ne4 8. cxd4 Bb6 9. Nc3 O-O 10. O-O Bg4 11. Be3 Nxc3 12. bxc3 Ne7 13. Nh4 Bxe2 14. Qxe2 Qd7 15. Bg5 Ng6 16. Qh5 h6 17. Bxh6 Nxh4 18. Bxg7 Kxg7 19. Qxh4 Qf5 20. f4 Rh8 21. Qg3+ Qg6 22.
Qf3 Qh5 23. Qg3+ Kf8 24. h3 Ke7 25. f5 Rag8 26. Qf3 Qxh3 27. Rad1 Rg3 28. Qxd5 c6 29. Qd6+ Ke8 30. Rd2 Qh2+ 31. Kf2 Rxg2+ 32. Ke1 Rxd2 0-1

[Event "*** Titled Tuesday 3|2 Blitz"]
[Site "Chess.com"]
[Date "2017.06.06"]
[Round "3"]
[White "LonesomeGeorge1"]
[Black "Vamostodorecto"]
[Result "0-1"]
[WhiteElo "2247"]
[BlackElo "2321"]
[TimeControl "180+2"]
[EndTime "14:25:03 PDT"]
[Termination "Vamostodorecto won by checkmate"]

1. d4 d5 2. Bf4 Nc6 3. e3 e6 4. Nf3 Nf6 5. Be2 Bd6 6. O-O O-O 7.
Bg3 Ne4 8. c4 Nxg3 9. hxg3 dxc4 10. Bxc4 Qe7 11. Nc3 e5 12. d5 Na5 13. Be2 b6 14. Nd2 f5 15. e4 f4 16. gxf4 Rxf4 17. g3 Rf6 18. Bg4 Rg6 19. Bxc8 Rxc8 20. Kg2 Rf8 21. Qe2 Bc5 22. a3 Qg5 23. Nf3 Qg4 24.
b4 Rgf6 25. bxc5 Rxf3 26. Rac1 Nb3 27. d6 Nxc1 28. Rxc1 cxd6 29. cxd6 h5 30. Rh1 Rxc3 31. Qa2+ Rf7 32. Rh4 Qf3+ 33. Kh3 Qh1# 0-1

[Event "*** Titled Tuesday 3|2 Blitz"]
[Site "Chess.com"]
[Date "2017.06.06"]
[Round "3"]
[White "andreimacovei2000"]
[Black "TrickyTrapChess"]
[Result "0-1"]
[WhiteElo "2387"]
[BlackElo "2279"]
[TimeControl "180+2"]
[EndTime "14:25:04 PDT"]
[Termination "TrickyTrapChess won by checkmate"]

1. e4 e6 2. d4 d5 3. Nc3 Nf6 4. Bg5 Be7 5. e5 Nfd7 6. Bxe7 Qxe7 7.
f4 a6 8. Qg4 O-O 9. Nf3 c5 10.
Bd3 f5 11. exf6 Nxf6 12. Qh4 Nc6 13. dxc5 Qxc5 14. O-O-O b5 15. Kb1 Nb4 16. Ne5 Nxd3 17. Rxd3 b4 18. Ne2 Ne4 19. Nd4 a5 20. Rhd1 a4 21. g4 Rxf4 22. Rh3 h6 23. Ne2 b3 24. cxb3 Nd2+ 25. Ka1 axb3 26. Rxb3 Rxa2+ 27. Kxa2 Ra4+ 28. Ra3 Rxa3+ 29. bxa3 Qc2+ 30. Ka1 Nb3# 0-1

[Event "*** Titled Tuesday 3|2 Blitz"]
[Site "Chess.com"]
[Date "2017.06.06"]
[Round "3"]
[White "Kawhi_Leonard2"]
[Black "PelinGorki"]
[Result "0-1"]
[WhiteElo "2186"]
[BlackElo "2363"]
[TimeControl "180+2"]
[EndTime "14:25:15 PDT"]
[Termination "PelinGorki won on time"]

1. e4 d6 2. d4 Nf6 3. Nc3 c6 4.
Nf3 Bg4 5. Be2 e6 6. O-O d5 7. exd5 cxd5 8. Bf4 a6 9. h3 Bxf3 10. Bxf3 Bd6 11. Ne2 O-O 12. c3 Nc6 13. Re1 Re8 14. Bg5 h6 15. Bh4 g5 16. Bg3 Rc8 17. Qd2 Kg7 18. Bxd6 Qxd6 19. Ng3 Ne7 20. Bd1 Ng6 21. Bc2 Nf4 22. Re3 b5 23. a3 Rc7 24. Rae1 Rce7 25. Re5 Ng6 26. Qe3 Nd7 27. Bxg6 fxg6 28. f4 gxf4 29. Qxf4 Nxe5 30. dxe5 Qc5+ 31. Kh2 Rf7 32. Qg4 Kh7 33. h4 Qc4 34. Qh3 Rf4 0-1

[Event "*** Titled Tuesday 3|2 Blitz"]
[Site "Chess.com"]
[Date "2017.06.06"]
[Round "3"]
[White "WinnieTPooh"]
[Black "DiamondCrusher22"]
[Result "0-1"]
[WhiteElo "1938"]
[BlackElo "2019"]
[TimeControl "180+2"]
[EndTime "14:25:21 PDT"]
[Termination "DiamondCrusher22 won by resignation"]

1. d4 d5 2. c4 c6 3. Nf3 Nf6 4.
Qc2 e6 5. Nbd2 Nbd7 6. g3 Bd6 7. Bg2 O-O 8. O-O Re8 9. e4 dxe4 10. Nxe4 Nxe4 11. Qxe4 Nf6 12. Qe2 c5 13. Rd1 cxd4 14.
Nxd4 a6 15. Be3 Qc7 16. Rac1 e5 17. Nb3 Bg4 18. f3 Bh5 19. c5 Bf8 20. Rd2 e4 21. g4 exf3 22. Bxf3 Nxg4 23. Bxg4 Bxg4 24. Qxg4 Rxe3 25.
Rd7 Qc6 26. Rxf7 Re4 27. Qd7 Qg6+ 28. Kh1 Qxf7 0-1

[Event "*** Titled Tuesday 3|2 Blitz"]
[Site "Chess.com"]
[Date "2017.06.06"]
[Round "3"]
[White "Blitzstream"]
[Black "dolynachess"]
[Result "1-0"]
[WhiteElo "2509"]
[BlackElo "2318"]
[TimeControl "180+2"]
[EndTime "14:25:22 PDT"]
[Termination "Blitzstream won by resignation"]

1. b3 Nf6 2. Bb2 g6 3. g3 Bg7 4. Bg2 O-O 5. e3 d6 6. Ne2 Nbd7 7.
d3 c6 8. Nd2 Qc7 9. h3 b6 10.
g4 Bb7 11. Ng3 c5 12. Bxb7 Qxb7 13. Qe2 b5 14. O-O-O a5 15. g5 Nd5 16. Qf3 Rfb8 17. h4 Bxb2+ 18. Kxb2 Ne5 19. Qg2 a4 20. Ra1 a3+ 21. Kc1 c4 22. d4 Nd3+ 23. cxd3 cxd3 24. Nge4 Qc6+ 25. Kd1 Rc8 26. Qf3 Nc3+ 27. Ke1 Nxe4 28. Nxe4 Qd5 29. Nf6+ exf6 30. Qxd5 1-0

[Event "*** Titled Tuesday 3|2 Blitz"]
[Site "Chess.com"]
[Date "2017.06.06"]
[Round "3"]
[White "Zufi1811"]
[Black "H16"]
[Result "1-0"]
[WhiteElo "2363"]
[BlackElo "2261"]
[TimeControl "180+2"]
[EndTime "14:25:43 PDT"]
[Termination "Zufi1811 won by resignation"]

1. e4 c5 2. Nf3 d6 3. d4 Nf6 4.
Nc3 cxd4 5. Nxd4 a6 6. h3 e6 7. g4 Be7 8. g5 Nfd7 9. h4 Nc6 10. Be3 O-O 11. f4 Nxd4 12. Qxd4 e5 13. Qd2 exf4 14.
Bxf4 Ne5 15. O-O-O Be6 16. Kb1 Rc8 17. Nd5 Bxd5 18.
Qxd5 Qc7 19. c3 Qc5 20. Bh3 Qxd5 21. Rxd5 Rcd8 22. Rhd1 Rfe8 23. a4 g6 24. Kc2 Kg7 25. a5 f6 26. gxf6+ Kxf6 27. b4 Kg7 28. h5 g5 29. Bg3 Kh6 30. Bf5 Nc4 31. Bf2 Bf6 32. Kb3 Ne5 33. Rxd6 Kg7 34. h6+ Kf7 35. Bxh7 Rxd6 36. Rxd6 Rh8 37. Bf5 Rxh6 38. Rb6 Nc6 39. Rxb7+ Ne7 40. Bc5 1-0

[Event "*** Titled Tuesday 3|2 Blitz"]
[Site "Chess.com"]
[Date "2017.06.06"]
[Round "3"]
[White "Federer999"]
[Black "johnathan113"]
[Result "0-1"]
[WhiteElo "2646"]
[BlackElo "2463"]
[TimeControl "180+2"]
[EndTime "14:25:46 PDT"]
[Termination "johnathan113 won on time"]

1. Nf3 g6 2. d4 Nf6 3. c4 Bg7 4. Nc3 O-O 5. e4 d6 6. h3 e5 7. d5 a5 8. Bd3 Na6 9. Bg5 Nc5 10. Bc2 h6 11. Be3 b6 12. Qd2 Kh7 13. g4 a4 14. Rb1 Bd7 15. b3 axb3 16. axb3 Ra3 17. O-O h5 18. g5 Ng8 19. Kg2 Qc8 20.
Rh1 Kh8 21. b4 Nb7 22. Bd3 f5 23. gxf6 Rxf6 24. Ng5 Bh6 25. Qb2 Ra8 0-1

[Event "*** Titled Tuesday 3|2 Blitz"]
[Site "Chess.com"]
[Date "2017.06.06"]
[Round "3"]
[White "Schemato"]
[Black "kikydu96"]
[Result "0-1"]
[WhiteElo "2289"]
[BlackElo "2316"]
[TimeControl "180+2"]
[EndTime "14:25:53 PDT"]
[Termination "kikydu96 won by resignation"]

1. c4 e5 2. g3 Nc6 3. Nc3 Bc5 4.
Bg2 d6 5. e3 a6 6. Nge2 Ba7 7. O-O h5 8. h3 f5 9. d4 h4 10. Bxc6+ bxc6 11. dxe5 hxg3 12. Nxg3 Rxh3 13. Kg2 Qh4 14. Rh1 f4 15. exf4 Nh6 16. f5 Rxh1 17. Qxh1 Nxf5 18. Qxh4 Nxh4+ 19. Kf1 Bh3+ 20. Ke2 Bg4+ 21.
Kd3 Bxf2 22. Nge4 Bf5 23. exd6 cxd6 24. Be3 Bxe3 25. Kxe3 O-O-O 26. Rg1 d5 27. cxd5 cxd5 28. Ng3 d4+ 29. Kf4 dxc3 30. Nxf5 Rf8 31. Rc1 Nxf5 32. Rxc3+ Kd7 33. Kg5 Rf6 34. b4 Nd6 35. Rd3 Kc6 36. a4 Ne4+ 37. Kh5 Rh6+ 38. Kg4 Nf2+ 0-1

[Event "*** Titled Tuesday 3|2 Blitz"]
[Site "Chess.com"]
[Date "2017.06.06"]
[Round "3"]
[White "1lec"]
[Black "Blitzking4444"]
[Result "1-0"]
[WhiteElo "2026"]
[BlackElo "2001"]
[TimeControl "180+2"]
[EndTime "14:25:53 PDT"]
[Termination "1lec won on time"]

1. e4 e6 2. d4 d5 3. Nd2 Be7 4.
e5 c5 5. c3 Nc6 6. Bd3 Bd7 7.
Ne2 cxd4 8. cxd4 Nb4 9. Bb1 Bb5 10. Nc3 Ba6 11. Nf3 Rc8 12. a3 Qa5 13. Bg5 Bc4 14. Bxe7 Nxe7 15. h4 Qa6 16. h5 Nd3+ 17. Bxd3 Bxd3 18.
h6 g6 19. Qd2 Bf5 20. Nh4 Qd3 21.
Qxd3 Bxd3 22. Kd2 Ba6 23. b4 Bc4 24. Nf3 O-O 25. Rac1 Rc7 26. Nb5 Rc6 27. Nd6 b5 28. Rc3 1-0

[Event "*** Titled Tuesday 3|2 Blitz"]
[Site "Chess.com"]
[Date "2017.06.06"]
[Round "3"]
[White "Gordima"]
[Black "Fy_Rakotomaharo"]
[Result "1-0"]
[WhiteElo "2534"]
[BlackElo "2414"]
[TimeControl "180+2"]
[EndTime "14:25:57 PDT"]
[Termination "Gordima won by resignation"]

1. Nf3 Nf6 2. c4 g6 3. Nc3 d5 4. cxd5 Nxd5 5. h4 h6 6. e4 Nxc3 7. dxc3 Qxd1+ 8. Kxd1 Bg7 9. Bf4 c6 10. Kc2 Nd7 11. Nd2 b6 12. a4 a5 13. Be2 Ba6 14.
Bxa6 Rxa6 15. Nc4 O-O 16. Rhd1 Nf6 17. f3 Rfa8 18. Bc7 b5 19. axb5 cxb5 20. Nxa5 Ne8 21. Rd8 Bf6 22. Rxa8 Rxa8 23. Bg3 Ng7 24. e5 Nf5 25.
exf6 Nxg3 26. fxe7 Nf5 27. Nc6 Re8 28. h5 gxh5 29.
Re1 f6 30. Nd4 Nxd4+ 31. cxd4 Kf7 32. Kb3 h4 33. Kb4 h3 34. gxh3 Rxe7 35. Rxe7+ Kxe7 36. Kxb5 Ke6 37. Kc6 1-0

[Event "*** Titled Tuesday 3|2 Blitz"]
[Site "Chess.com"]
[Date "2017.06.06"]
[Round "3"]
[White "Fins0905"]
[Black "Squirlolz"]
[Result "0-1"]
[WhiteElo "2421"]
[BlackElo "2333"]
[TimeControl "180+2"]
[EndTime "14:25:57 PDT"]
[Termination "Squirlolz won by resignation"]

1. d4 e6 2. c4 Nf6 3. Nc3 c5 4. d5 exd5 5. cxd5 d6 6. e4 g6 7. Bd3 Bg7 8. h3 Nbd7 9. Nf3 Nh5 10. Bg5 Bf6 11. Be3 Ne5 12. Be2 Nxf3+ 13. Bxf3 Bg5 14. Qd2 Bxe3 15. Qxe3 Nf6 16. e5 dxe5 17. Qxe5+ Qe7 18. Qxe7+ Kxe7 19. O-O-O Rd8 20. Rhe1+ Kf8 21.
d6 Be6 22. Bxb7 Rab8 23. Bf3 Rb6 24. Re5 c4 25. Ra5 a6 26. Na4 Rbxd6 27. Rxa6 Rxd1+ 28. Bxd1 Ne4 29. f3 Nf2 30. Be2 Nd3+ 31. Bxd3 cxd3 32. Nc3 d2+ 33. Kd1 Bc4 34. Rc6 Bf1 35. Ne4 Be2+ 0-1

[Event "*** Titled Tuesday 3|2 Blitz"]
[Site "Chess.com"]
[Date "2017.06.06"]
[Round "3"]
[White "silverback96"]
[Black "GameOverBro"]
[Result "1-0"]
[WhiteElo "2116"]
[BlackElo "2229"]
[TimeControl "180+2"]
[EndTime "14:26:04 PDT"]
[Termination "silverback96 won by resignation"]

1. d4 d6 2. c4 Nf6 3. Nf3 Nbd7 4.
g3 e5 5. Nc3 Be7 6. Bg2 O-O 7.
O-O c6 8. e4 a5 9. d5 Nc5 10.
Re1 cxd5 11. cxd5 b5 12. Nxb5 Ncxe4 13. Nxe5 Nxf2 14. Nc6 Nxd1 15. Nxd8 Bxd8 16. Rxd1 Bb6+ 17. Kf1 Ng4 18. Bf3 Nxh2+ 19. Kg2 Nxf3 20. Kxf3 h5 21. Kg2 Bc5 22. Bf4 Bg4 23. Re1 Rab8 24. a4 Rbd8 25. Re7 Rfe8 26. Rae1 Rxe7 27. Rxe7 Kf8 28. Rb7 f6 29.
Nc7 g5 30. Bd2 Rd7 31. Rb8+ Kf7 32. Bxa5 Bf5 33. b4 Be4+ 34. Kh2 Bd4 35. b5 Bc2 36. b6 Bxa4 37. b7 Re7 38. Rf8+ Kxf8 39. b8=Q+ Kf7 40. Ne6 Be8 41. Bd8 Ba7 42. Qb1 1-0

[Event "*** Titled Tuesday 3|2 Blitz"]
[Site "Chess.com"]
[Date "2017.06.06"]
[Round "3"]
[White "Rating-Schmating"]
[Black "CookiesAndIceCream"]
[Result "1-0"]
[WhiteElo "2342"]
[BlackElo "2221"]
[TimeControl "180+2"]
[EndTime "14:26:07 PDT"]
[Termination "Rating-Schmating won by resignation"]

1. e4 e5 2. Nf3 Nc6 3. d4 exd4 4. Nxd4 Nf6 5. Nxc6 bxc6 6. e5 Qe7 7. Qe2 Nd5 8. c4 Ba6 9. Nd2 Nf4 10. Qe4 Ne6 11. Nf3 g6 12. b3 Bg7 13. Bb2 O-O 14. Be2 Rfe8 15. O-O Nc5 16. Qc2 d6 17. b4 Nd7 18.
Rfe1 Nxe5 19. Nxe5 Bxe5 20. Bxe5 Qxe5 21. h3 d5 22. b5 Bb7 23. Bf3 Qd4 24. cxd5 cxb5 25. Qxc7 Bxd5 26. Red1 Qc4 27. Qxc4 Bxc4 28. Bxa8 Rxa8 29.
a4 a6 30. axb5 Bxb5 31. Rd5 Rc8 32. Re1 Re8 33. Rxe8+ Bxe8 34. Rd8 Kf8 35. Ra8 Ke7 36.
Rxa6 Bd7 37. g4 Be6 38. g5 Bc4 39. Ra7+ Ke6 40. Kg2 Kf5 41. h4 Be6 42. Kg3 Ke5 43.
f4+ Kd6 44. Kf3 Bd5+ 45. Ke3 Ke6 46. Kd4 Bb3 47. Ra6+ Kf5 48. Rf6+ Kg4 49. Ke5 Kxh4 50. Kd6 Kg4 51. Ke7 Bc4 52. Kf8 Kh5 53. Kg7 Kg4 54. Kxh7 Kf3 55. Kg7 Ke4 56. Rxf7 Bxf7 57. Kxf7 1-0